 Dungeon Crawl Stone Soup version 0.31.0-32-g396128a36d (webtiles) character file.

Game seed: 4347216281645961664

97 Alphaeus the Ruffian (level 4, -3/41 HPs)
             Began as a Troll Shapeshifter on Mar 20, 2024.
             Frozen to death by an endoplasm (5 damage)
             ... on level 3 of the Dungeon.
             The game lasted 00:01:25 (1537 turns).

Alphaeus the Ruffian (Troll Shapeshifter)           Turns: 1537, Time: 00:01:25

Health: -3/41      AC:  4    Str: 22    XL:     4   Next: 42%
Magic:  3/3        EV:  9    Int:  8    God:
Gold:   97         SH:  0    Dex:  9    Spells: 3/3 levels left

rFire   . .          .
                       - Unarmed
rCold   . . .        (no shield)
rNeg    . . .        a - +0 animal skin
rPois   .            (helmet currently unavailable)
rElec   .            (cloak currently unavailable)
rCorr   .            (gloves unavailable)
SInv    .            (boots unavailable)
Will    +....        (no amulet)
Stlth   +            (no ring)
HPRegen 1.06/turn    (no ring)
MPRegen 0.08/turn

%: no passive effects
@: confused, beast-form, enlightened, flying
A: beast (slay +2), large, unfitting armour, claws 3, regeneration 1, shaggy fur
1, tough skin 1
a: Begin Untransformation


You were on level 3 of the Dungeon.
You were a hulking beast.
You visited 1 branch of the dungeon, and saw 3 of its levels.

You collected 97 gold pieces.

Inventory:

Armour
 a - a +0 animal skin (worn)
Jewellery
 j - a ring of protection from cold
Talismans
 c - a beast talisman
 d - a flux talisman
Scrolls
 g - a scroll of poison {unknown}
 h - 3 scrolls of identify {unknown}
 i - a scroll of teleportation {unknown}
 l - a scroll of noise {unknown}
Potions
 b - a potion of lignification
 e - a potion of enlightenment
 k - a potion of resistance {unknown}


   Skills:
 + Level 1.6 Fighting
 - Level 1.5 Dodging
 * Level 4.0 Unarmed Combat
 * Level 3.9 Shapeshifting


You had 3 spell levels left.
You didn't know any spells.
Your spell library contained the following spells:

 Spells                   Type           Power      Damage    Failure   Level
 Kiss of Death            Conj/Necr      0%         2d5       41%         1
 Confusing Touch          Hex            0%         N/A       78%         3
 Dispel Undead            Necr           0%         3d6       99%         4


Dungeon Overview and Level Annotations

Branches:
Dungeon (3/15)

Altars:


Innate Abilities, Weirdness & Mutations

You are a hulking beast.
Your limbs bulge with bestial killing power. (Slay +2)
You are too large for most types of armour.
You have claws for hands.
Your natural rate of healing is unusually fast.
You are covered in fur. (AC +1)
You have tough skin. (AC +1)


Message History

You feel very buoyant.
You fly up into the air.
The orc hits you but does no damage.
A magic dart appears from out of thin air!
The magic dart hits you but does no damage.
The endoplasm barely misses you.
It was a potion of heal wounds.
You feel much better.
The orc hits you from afar with a +1 vampiric spear.
The endoplasm jiggles.
The endoplasm freezes you.
You are frozen.
You're too confused to move!
The orc hits you from afar with a +1 vampiric spear.
You hear some strange, mumbled words.
A magic dart appears from out of thin air!
The magic dart hits you. The endoplasm closely misses you.
Found a dagger.
The orc hits you from afar with a +1 vampiric spear.
The endoplasm attacks as it pursues you!
The endoplasm barely misses you.
You miss something. The orc barely misses you. Something hits you.
The endoplasm freezes you.
You are frozen.
* * * LOW HITPOINT WARNING * * *
You scratch the endoplasm. Your claw misses the endoplasm.
The endoplasm is heavily wounded.
The orc hits you from afar with a +1 vampiric spear.
* * * LOW HITPOINT WARNING * * *
Something hits you.
* * * LOW HITPOINT WARNING * * *
The endoplasm closely misses you.
The endoplasm attacks as it pursues you!
The endoplasm hits you but does no damage.
You closely miss something.
You hear some strange, mumbled words.
A magic dart appears from out of thin air!
The magic dart hits you.
* * * LOW HITPOINT WARNING * * *
The endoplasm freezes you.
You are frozen.
You die...

... #.. #<.. ##+#
#... ...##..) #.
#.##..##...# #
#.##........
....###.J.†### ..
#......h{o.).# .#
##.....#...†.# .#
#.########.## .#
. #.## .####
#..## ....##
###..##..#..##
#.............
.....####.##.###.
....## #..#.#


You could see an orc and an endoplasm.

Vanquished Creatures
  3 gnolls (D:2)
  3 adders
  2 dart slugs (D:2)
  An orc (D:3)
  3 ball pythons
  5 goblins
  2 hobgoblins (D:2)
  4 jackals (D:1)
  2 bats (D:2)
  3 frilled lizards
  5 kobolds
  3 rats
36 creatures vanquished.

Notes
Turn   | Place    | Note
-------+----------+-------------------------------------------
     0 | D:1      | Alphaeus the Troll Shapeshifter began the quest for the
                  | Orb.
     0 | D:1      | Reached XP level 1. HP: 18/18 MP: 0/0
   157 | D:1      | Reached skill level 1 in Fighting
   212 | D:1      | Reached XP level 2. HP: 27/27 MP: 1/1
   726 | D:2      | Reached XP level 3. HP: 31/33 MP: 2/2
   977 | D:2      | Reached XP level 4. HP: 27/41 MP: 3/3
  1089 | D:2      | Found a faded altar of an unknown god.
  1514 | D:3      | Reached skill level 4 in Unarmed Combat
  1537 | D:3      | HP: 2/41 [something/magic dart (6)]
  1537 | D:3      | Frozen to death by an endoplasm

Illustrated notes

Levels and vault maps discovered:
D:1:      kennysheep_arrival_forest, layout_loops_ring, hangedman_decor_points
D:2:      layout_basic, hellmonk_ecumenical_altar_pennies_from_heaven
D:3:      layout_rooms, grunt_temple_overflow_diamond, gup_sewer_entry_pipe

Skill      XL: |  1  2  3  4 |
---------------+-------------+-----
Fighting       | 1 |  1.6
Unarmed Combat | 4 |  4.0
Dodging        | |  1.5
Shapeshifting  | |  3.9

Action                     |  1- 3 |  4- 6 || total
---------------------------+-------+-------++-------
  Melee: Unarmed           |    62 |    32 ||    94
         Punch             |     3 |     1 ||     4
    Use: Potion            |       |     2 ||     2
 Armour: Animal skin       |    46 |    38 ||    84
  Dodge: Dodged            |    22 |    26 ||    48
